 Dungeon Crawl Stone Soup version 0.19.1-1-g22dce08 (webtiles) character file.

107 Lennu the Slasher (level 5, -3/46 HPs)
             Began as a Formicid Monk on Jan 3, 2017.
             Slain by a gnoll
             ... wielding a +0 halberd
              (9 damage)
             ... on level 2 of the Dungeon.
             The game lasted 00:08:52 (1440 turns).

Lennu the Slasher (Formicid Monk)                   Turns: 1440, Time: 00:08:52

Health: -3/46      AC:  5    Str: 15 (16) XL:     5   Next: 10%
Magic:  5/5        EV: 12    Int: 11      God:
Gold:   44         SH:  0    Dex: 14      Spells: 0 memorised, 4 levels left

rFire  + . .     SeeInvis +     a - +0 falchion
rCold  . . .     Gourm    .     l - +0 ring mail
rNeg   . . .     Faith    .     (no shield)
rPois  +         Spirit   .     (helmet unavailable)
rElec  .         Reflect  .     (no cloak)
rCorr  .         Harm     .     (no gloves)
MR     .....                    (no boots)
Stlth  ++........               i - amulet of regeneration
                                (no ring)
                                d - ring of stealth

@: no status effects
A: permanent stasis, dig shafts and tunnels, four strong arms, antennae 3,
clever 1, deterioration 1, fire resistance 1, poison resistance, robust 1,
MP-powered wands
a: Dig, Shaft Self


You were on level 2 of the Dungeon.
You were not hungry.

You visited 1 branch of the dungeon, and saw 2 of its levels.

You collected 44 gold pieces.

Inventory:

Hand Weapons
 a - a +0 falchion (weapon)
Armour
 l - a +0 ring mail (worn)
Jewellery
 d - a ring of stealth (left hand)
 i - an amulet of regeneration (around neck)
Scrolls
 h - 3 scrolls of teleportation {unknown}
 k - a scroll of enchant armour {unknown}
Potions
 b - a potion of might {unknown}
 e - a potion of heal wounds {unknown}
 g - a potion of curing
 j - 2 potions of brilliance {unknown}
 m - a potion of haste {unknown}
 n - a potion of cure mutation {unknown}
 p - a potion of degeneration {unknown}
Comestibles
 c - a bread ration
 f - 7 chunks of flesh
 q - 4 fruits


   Skills:
 * Level 3.7 Fighting
 * Level 4.4 Long Blades
 * Level 1.6 Armour
 * Level 3.0 Dodging
 + Level 2.6 Stealth


You had 4 spell levels left.
You didn't know any spells.

Dungeon Overview and Level Annotations

Branches:
Dungeon (2/15)

Altars:
Okawaru

Annotations:
D:2 Sigmund


Innate Abilities, Weirdness & Mutations

You are under a permanent stasis effect.
You can dig through walls and to a lower floor.
Your four strong arms can wield two-handed weapons with a shield.
You have a pair of large antennae on your head. (SInv)
Your mind is acute. (Int +2)
Your body sometimes deteriorates upon taking damage.
Your flesh is heat resistant. (rF+)
Your system is resistant to poisons. (rPois)
You are robust. (+10% HP)
You expend magic power (3 MP) to strengthen your wands.


Message History

The gnoll is moderately wounded.
The gnoll misses you.
You hit the gnoll.
The gnoll is heavily wounded.
The gnoll closely misses you.
You riposte.
You hit the gnoll.
The gnoll is heavily wounded.
You barely miss the gnoll.
The gnoll is heavily wounded.
The gnoll barely misses you.
You closely miss the gnoll.
The gnoll is heavily wounded.
The gnoll misses you.
You riposte.
You barely miss the gnoll.
The gnoll is heavily wounded.
You hit the gnoll.
The gnoll is almost dead.
The gnoll misses you.
You closely miss the gnoll.
The gnoll is severely wounded.
The gnoll hits you with a halberd!
You die...

....>..## ..
....... ...
#.....##.#
#.#...#..
#....... #.....#
#..).# #...g#
#..?@###.#
#...(....#
#..#.###....
#..#.# ##
######..#.#
#.......#)# #
##.#####.#.##...#
#######...##
#.)........
...........#
######...##


You could see a gnoll.

Vanquished Creatures
  3 gnolls (D:2)
  3 adders (D:2)
  A worm (D:2)
  2 dart slugs
  3 leopard geckos (D:1)
  3 giant cockroaches
  2 goblins (D:2)
  3 hobgoblins
  3 jackals (D:2)
  2 quokkas (D:2)
  A ball python (D:1)
  7 bats
  A frilled lizard (D:1)
  4 kobolds
  5 rats
43 creatures vanquished.

Notes
Turn   | Place    | Note
-------+----------+-------------------------------------------
     0 | D:1      | Lennu the Formicid Monk began the quest for the Orb.
     0 | D:1      | Reached XP level 1. HP: 18/18 MP: 1/1
   280 | D:1      | Found an iron altar of Okawaru.
   282 | D:1      | Reached XP level 2. HP: 24/24 MP: 2/2
   733 | D:1      | Reached XP level 3. HP: 27/29 MP: 3/3
  1152 | D:2      | Reached skill level 4 in Long Blades
  1152 | D:2      | Reached XP level 4. HP: 34/35 MP: 4/4
  1196 | D:2      | Reached skill level 1 in Armour
  1317 | D:2      | Noticed Sigmund
  1335 | D:2      | Gained mutation: You are robust. (+10% HP) [potion of mutation]
  1335 | D:2      | Gained mutation: Your system is resistant to poisons. (rPois) [potion of mutation]
  1335 | D:2      | Gained mutation: Your mind is acute. (Int +2) [potion of mutation]
  1360 | D:2      | Reached XP level 5. HP: 23/46 MP: 5/5
  1401 | D:2      | Gained mutation: Your body sometimes deteriorates upon taking damage. [potion of mutation]
  1401 | D:2      | Gained mutation: You expend magic power (3 MP) to strengthen your wands. [potion of mutation]
  1401 | D:2      | Gained mutation: Your flesh is heat resistant. (rF+) [potion of mutation]
  1432 | D:2      | HP: 1/46 [gnoll/halberd (10)]
  1440 | D:2      | Slain by a gnoll

Skill      XL: |  1  2  3  4 |
---------------+-------------+-----
Long Blades    | 4 |  4.4
Armour         | 1 |  1.6
Dodging        | 3 |  3.0
Fighting       | |  3.7
Stealth        | |  2.6

Action                   |  1- 3 |  4- 6 || total
-------------------------+-------+-------++-------
Melee: Falchion          |    78 |    77 ||   155
  Use: Scroll            |     3 |       ||     3
       Potion            |       |     5 ||     5
 Stab: Sleeping          |     5 |     1 ||     6
  Eat: Chunk             |     1 |     1 ||     2
Armor: Robe              |     2 |       ||     2
       Ring mail         |    31 |    23 ||    54
Dodge: Dodged            |    60 |    54 ||   114
       Rpst.: Falchion   |    18 |    21 ||    39
